Map: Beckett Industries LE

Players

Neeb - Winner!

  • Race: Protoss Protoss

Scarlett

  • Race: Zerg Zerg

Event: DreamHack SC2 Masters 2021 Fall

VOD

Have the link to the VOD?

Description

Time

  • Played on: Aug. 15, 2021, 6:04 p.m.
  • Length: 2:57

All games in this series

Show
View Real Time Build Order
Export as new Build Order

Neeb Protoss - Winner!

Build Orders:  

Get SALT Encoding   

  12  0:00  Probe  
  13  0:12  Probe  
  14  0:17  Pylon  
  14  0:24  Probe (Chrono Boost)  
  15  0:36  Probe (Chrono Boost)  
  15  0:39  Gateway  
  16  0:45  Probe (Chrono Boost)  
  17  0:50  Assimilator  
  17  0:51  Probe  
  18  1:03  Probe  
  19  1:14  Pylon  
  19  1:16  Gateway  
  19  1:22  Pylon  
  19  1:24  Zealot (Chrono Boost)  
  21  1:33  Cybernetics Core  
  21  1:42  Zealot  
  23  2:04  Pylon  
  23  2:08  Adept (Chrono Boost)  
  23  2:14  Shield Battery  
  27  2:19  Zealot (Chrono Boost)  
  25  2:29  Pylon, Gateway  
Show
View Real Time Build Order
Export as new Build Order

Scarlett Zerg 

Build Orders: Pool First 

Get SALT Encoding   

  12  0:17  Spawning Pool  
  11  0:21  Drone  
  11  0:27  Drone  
  13  0:30  Drone  
  14  0:41  Overlord  
  16  1:04  Zergling x4  
  16  1:05  Zergling x2  
  19  1:15  Zergling x2  
  18  1:26  Zergling x2  
  18  1:32  Hatchery  
  18  1:38  Zergling x2  
  20  1:52  Zergling x2  
  20  2:15  Zergling x4  

Tags
 
Add a new tag
Caveats
  • Supply blocks, unpowered buildings, or Contaminate may cause inaccurate times.
  • Supply counts are checked every 10 seconds.